 Dungeon Sprint DCSS version 0.21.2 (webtiles) character file.

1313 Fang the Fighter (level 8, -10/90 HPs)
             Began as a Gargoyle Berserker on Dec 21, 2018.
             Was an Elder of Trog.
             Mangled by a yaktaur captain (14 damage)
             ... in the Dungeon (Sprint II: "The Violet Keep of Menkaure").
             The game lasted 00:03:43 (1305 turns).

Fang the Fighter (Gargoyle Berserker)               Turns: 1305, Time: 00:03:44

Health: -10/90     AC:  8    Str: 29    XL:     8   Next: 58%
Magic:  8/8        EV: 14    Int:  7    God:    Trog [****..]
Gold:   294        SH:  0    Dex:  9    Spells: 7/7 levels left

rFire    . . .     SeeInvis .   j - +1 executioner's axe (flame)
rCold    . . .     Gourm    .   (shield currently unavailable)
rNeg     + . .     Faith    .   b - +0 animal skin
rPois    ∞         Spirit   .   (no helmet)
rElec    +         Reflect  .   (no cloak)
rCorr    .         Harm     .   (no gloves)
MR       .....     NoTele   +   (no boots)
Stlth    ..........             (no amulet)
HPRegen  0.25/turn              (no ring)
MPRegen  0.11/turn              (no ring)

@: berserking, slow
A: negative energy resistance 1, electricity resistance, unbreathing,
petrification resistance, rot immunity, AC +5
a: Berserk, Trog's Hand, Brothers in Arms, Burn Spellbooks, Renounce Religion


You were in the Dungeon.
You worshipped Trog.
Trog was greatly pleased with you.
You were near starving.

You visited 1 branch You collected 986 gold pieces.
You spent 692 gold pieces at shops.

Inventory:

Hand Weapons
 a - a +0 hand axe
 j - a +1 executioner's axe of flaming (weapon)
Armour
 b - a +0 animal skin (worn)
Scrolls
 i - a scroll of blinking
Potions
 d - a potion of curing
 e - 3 potions of heal wounds
 f - a potion of haste
 g - 2 potions of magic
 h - a potion of berserk rage
Comestibles
 c - a ration


   Skills:
 + Level 12.3 Fighting
 + Level 11.1 Axes
 + Level 6.0 Armour
 + Level 6.3 Dodging
 + Level 0.8 Stealth


You had 7 spell levels left.
You didn't know any spells.

Dungeon Overview and Level Annotations

Branches:
Dungeon (1/1)

Altars:

Shops:
D *?:!}=!=}(}:[%[*

Annotations:
D exclusion: oklob plant, Kirke, Roxanne


Innate Abilities, Weirdness & Mutations

You are resistant to torment.
Your stone body is resilient. (AC +5)
You are immune to poison.
You resist negative energy. (rN+)
You are resistant to electric shocks. (rElec)
You can survive without breathing.
You are immune to petrification.
You are immune to rotting.


Message History

* * * LOW HITPOINT WARNING * * *
The manticore claws you!
* * * LOW HITPOINT WARNING * * *
The manticore closely misses you. The yaktaur captain misses you.
Your unstable footing causes you to fumble your attack.
The manticore bites you but does no damage.
The manticore barely misses you. The manticore claws you!
* * * LOW HITPOINT WARNING * * *
The yaktaur captain barely misses you.
Unknown command.
You barely miss the yaktaur captain.
The yaktaur captain is moderately wounded.
You slice the manticore!! You burn the manticore.
You kill the manticore!
The manticore's corpse disappears in a puff of smoke!
Unknown command.
The yaktaur captain hits you!
* * * LOW HITPOINT WARNING * * *
The yaktaur captain hits you!
You die...

≈§≈ ### 8≈. #.5c#### §.≈
#5Yz{c≈## ≈§≈
############@≈#+++#+++
###########≈≈≈.......
##∩.......#≈≈≈≈.##+##
##.∩.....∩#≈≈≈≈##.#.##
##∩.∩...∩.#≈≈≈≈#..#..#
##.∩.∩.∩.∩#≈≈####.#.# ##
##..∩.∩.∩.#≈##.###'###.#
##...∩.∩..#≈#...##.##.#
##....⌠...'≈'##.'.<.'##
.##


You could see a yaktaur captain, an elephant, a skeletal warrior, a centaur
warrior, a shadow imp and an ufetubus.

Vanquished Creatures
  2 tyrant leeches (D)
  2 hippogriffs (D)
  Menkaure (D)
  4 necrophages (D)
  4 worker ants (D)
13 creatures vanquished.

Vanquished Creatures (others)
  A blink frog (D)
  A crocodile (D)
2 creatures vanquished.

Grand Total: 15 creatures vanquished

Notes
Turn   | Place    | Note
-------+----------+-------------------------------------------
     0 | D        | Fang the Gargoyle Berserker began the quest for the Orb.
     0 | D        | Reached XP level 1. HP: 14/14 MP: 1/1
     1 | D        | Noticed a necrophage
     1 | D        | Noticed a necrophage
     1 | D        | Noticed a necrophage
     1 | D        | Noticed a necrophage
     8 | D        | Killed a necrophage
     8 | D        | Reached skill level 6 in Fighting
     8 | D        | Reached skill level 5 in Axes
     8 | D        | Reached XP level 2. HP: 23/23 MP: 2/2
     8 | D        | Reached XP level 3. HP: 28/28 MP: 3/3
     8 | D        | Reached XP level 4. HP: 32/32 MP: 4/4
    14 | D        | Killed a necrophage
    14 | D        | Reached skill level 8 in Fighting
    14 | D        | Reached XP level 5. HP: 39/39 MP: 5/5
    27 | D        | Killed a necrophage
    27 | D        | Reached ** piety under Trog
    27 | D        | Reached skill level 9 in Fighting
    27 | D        | Reached XP level 6. HP: 21/46 MP: 6/6
    36 | D        | Killed a necrophage
    36 | D        | Reached skill level 5 in Armour
   287 | D        | Found Ekhal's Food Shop.
   287 | D        | Found Mouloeru's Antique Weapon Boutique.
   287 | D        | Found Qiymuc's Assorted Antiques.
   287 | D        | Found Gaofer's Gadget Boutique.
   287 | D        | Found Fonyduv's Antique Armour Boutique.
   287 | D        | Found Zawaman's Antique Armour Boutique.
   288 | D        | Found Jabbo's Book Shop.
   288 | D        | Found Ostibb's Gadget Boutique.
   288 | D        | Found Naapumaote's Jewellery Shop.
   289 | D        | Found Xyxiu's Distillery.
   289 | D        | Found Bedgh's Jewellery Boutique.
   289 | D        | Noticed a shining eye
   290 | D        | Noticed a shining eye
   291 | D        | Found Nisix's Gadget Boutique.
   291 | D        | Found Juibaxide's Distillery.
   291 | D        | Noticed Menkaure
   291 | D        | Noticed a shining eye
   291 | D        | Noticed an oklob plant
   307 | D        | Killed Menkaure
   307 | D        | Reached skill level 10 in Fighting
   307 | D        | Reached XP level 7. HP: 52/52 MP: 7/7
   397 | D        | Reached *** piety under Trog
   531 | D        | Noticed a tyrant leech
   531 | D        | Noticed a tyrant leech
   537 | D        | Noticed a hippogriff
   537 | D        | Noticed a hippogriff
   555 | D        | Killed a hippogriff
   555 | D        | Reached **** piety under Trog
   555 | D        | Reached skill level 11 in Fighting
   555 | D        | Reached skill level 10 in Axes
   555 | D        | Reached skill level 5 in Dodging
   561 | D        | Killed a hippogriff
   561 | D        | Reached XP level 8. HP: 48/60 MP: 8/8
   702 | D        | Killed a tyrant leech
   702 | D        | Reached skill level 12 in Fighting
   717 | D        | Killed a tyrant leech
   928 | D        | Noticed Roxanne
   946 | D        | Found Hefaag's Magic Scroll Shop.
   946 | D        | Found Cehopp's Book Shoppe.
   946 | D        | Found Viohait's General Store.
   947 | D        | Noticed a slime creature
   948 | D        | Noticed a slime creature
   976 | D        | Bought a scroll of acquirement for 572 gold pieces
   980 | D        | Bought a potion of heal wounds for 70 gold pieces
   982 | D        | Bought a potion of heal wounds for 50 gold pieces
  1023 | D        | Noticed a slime creature
  1044 | D        | Noticed an ice statue
  1064 | D        | Noticed a blink frog
  1295 | D        | Noticed an elephant
  1295 | D        | Noticed a centaur warrior
  1295 | D        | Noticed Kirke
  1295 | D        | Noticed a skeletal warrior
  1295 | D        | Noticed a kobold demonologist
  1295 | D        | Noticed a yaktaur captain
  1300 | D        | Noticed a manticore
  1304 | D        | Killed a blink frog
  1305 | D        | HP: 4/90 [yaktaur captain (8)]
  1305 | D        | Mangled by a yaktaur captain

Skill      XL: |  1  2  3  4  5  6  7  8 |
---------------+-------------------------+-----
Fighting       | 6 8 9 10 11 12 | 12.3
Axes           | 5 6 7 9 10 11 | 11.1
Armour         | 3 4 5 6 |  6.0
Dodging        | 2 3 4 5 6 |  6.3
Stealth        | |  0.8

Action                   |  1- 3 |  4- 6 |  7- 9 || total
-------------------------+-------+-------+-------++-------
Melee: Hand axe          |     5 |    40 |    73 ||   118
       Executioner's axe |       |       |     8 ||     8
Invok: Berserk           |     1 |     1 |     3 ||     5
  Use: Scroll            |       |       |     1 ||     1
  Eat: Chunk             |       |       |     4 ||     4
Armor: Animal skin       |       |     7 |    23 ||    30
Dodge: Dodged            |     3 |    19 |    38 ||    60
